Cogmind - Beta 13 @@@ ROGUE MODE // 2024.04.04 @ 09:24:01 Player: writers.room Result: Destroyed by G-34 Mercenary with Small Laser Performance ------------- Evolutions (0) 0 Regions Visited (1) 200 Robots Destroyed (0) 0 Value Destroyed (0) 0 Prototype IDs (0) 0 Alien Tech Used (0) 0 Bonus (0) 0 TOTAL SCORE: 200 Bonus ------- None Cogmind --------- Core Integrity 0/250 Matter 210/300 Energy 100/100 System Corruption 2% Temperature Cool (12) Movement Core (50) Location -10/Materials Parts ------- > --- POWER (1) -------- (None) > --- PROPULSION (2) --- (None) > --- UTILITY (2) ------ (None) > --- WEAPON (2) ------- (None) > --- INVENTORY (5) ---- (None) Peak State ------------ None Favorites ----------- Power None Propulsion None Utility None Weapon None Build | -11 -10 ------- Run | Yrd Mat Slots Evolved . | . . Power . | . . Propulsion . | . . Utility . | . . Weapon . | . . Parts Attached . | . . Power . | . . Engine . | . . Core . | . . Reactor . | . . Propulsion . | . . Treads . | . . Leg . | . . Wheel . | . . Hover . | . . Flight . | . . Utility . | . . Device . | . . Storage . | . . Processor . | . . Hackware . | . . Protection . | . . Artifact . | . . Weapon . | . . Energy Gun . | . . Energy Cannon . | . . Ballistic Gun . | . . Ballistic Cannon . | . . Launcher . | . . Special Weapon . | . . Impact Weapon . | . . Slashing Weapon . | . . Piercing Weapon . | . . Special Melee Weapon . | . . Unidentified Prototypes . | . . Parts Lost . | . . Power . | . . Propulsion . | . . Utility . | . . Weapon . | . . Highest Loss Streak . | . . To Critical Strikes . | . . Average Slot Usage (%) . | . . Naked Turns 76 | . 76 Heaviest Build . | . . Greatest Support 3 | 3 3 Greatest Overweight (x) . | . . Average Overweight (x) . | . . Largest Inventory Capacity 5 | 5 5 Average Capacity 5 | 5 5 Most Carried . | . . Average Carried . | . . Final Capacity 5 | 5 5 Final Carried . | . . Class Distribution -------------------- 100% | Mutant Dominant Class ---------------- Mutant | -10/Materials Resources | -11 -10 ----------- Run | Yrd Mat Matter Collected 47 | 47 . Remotely . | . . Salvage Created . | . . Parts . | . . Haulers Intercepted . | . . Recyclers Shooed . | . . Parts Field Recycled . | . . Retrieved Matter . | . . Parts Self-Destructed . | . . Prevented . | . . Kills | -11 -10 ------- Run | Yrd Mat Combat Hostiles Destroyed . | . . Classes Destroyed . | . . Best Kill Streak . | . . Combat Bots Only . | . . Max Kills in Single Turn . | . . Gunslinging . | . . Exploded . | . . Melee . | . . Uniques/NPCs Destroyed . | . . Combat | -11 -10 -------- Run | Yrd Mat Hostile Shots Fired 37 | . 37 Missed 11 | . 11 Damage Taken 260 | . 260 Core 260 | . 260 Absorbed by Shields . | . . Core Remaining (%) 100 | 100 . Volleys Fired . | . . Largest . | . . Hottest . | . . Shots Fired . | . . Gun . | . . Cannon . | . . Launcher . | . . Special . | . . Kinetic . | . . Thermal . | . . Explosive . | . . Electromagnetic . | . . Robot Hit Streak . | . . Robot Miss Streak . | . . Penetration Max . | . . Secondary Targets . | . . Shots Hit Robots . | . . Core Hits 1 | . 1 Critical Kills . | . . Critical Parts Destroyed . | . . Critical Strikes . | . . Melee Attacks . | . . Impact . | . . Slashing . | . . Piercing . | . . Sneak Attacks . | . . Combat Hostiles . | . . Follow-up Attacks . | . . Damage Inflicted 66 | . 66 Guns . | . . Cannons . | . . Explosions . | . . Melee . | . . Ramming 66 | . 66 Kinetic . | . . Thermal . | . . Explosive . | . . Electromagnetic . | . . Impact . | . . Slashing . | . . Piercing . | . . Highest Corruption 2 | . 2 Average Corruption 2 | . 2 Corruption Purged . | . . Corruption Blocked . | . . Effects 1 | . 1 Message Errors 1 | . 1 Overload Shots . | . . Overflow Damage 2 | . 2 Projectiles . | . . Explosions . | . . Melee 2 | . 2 Knockbacks . | . . Impact . | . . Kinetic . | . . Secondary . | . . Self-Inflicted Damage 28 | . 28 Shots . | . . Rammed 18 | . 18 Targets Rammed 18 | . 18 Kicked . | . . Crushed . | . . Highest Temperature . | . . Average Temperature . | . . Received Heat Transfer 24 | . 24 Siege Activations . | . . Robots Corrupted . | . . Combat Hostiles . | . . Parts Fried . | . . Impact Corruptions 1 | . 1 Robots Melted . | . . Combat Hostiles . | . . Parts Melted . | . . Heat Transferred . | . . Parts Sabotaged . | . . Parts Stolen . | . . Parts Stripped . | . . Power Chain Reactions . | . . Alert | -11 -10 ------- Run | Yrd Mat Peak Influence 75 | . 75 Initial . | . . Average 17 | . 19 Maximum Alert Level . | . . Low Security (%) 100 | 100 100 Level 1 . | . . Level 2 . | . . Level 3 . | . . Level 4 . | . . Level 5 . | . . High Security . | . . Max Security . | . . Squads Dispatched 1 | . 1 Investigation 1 | . 1 Extermination . | . . Reinforcement . | . . Assault . | . . Garrison . | . . Intercept . | . . Searches Triggered . | . . Construction Impeded . | . . Haulers Reinforced . | . . Active Scanning Responses . | . . Cargo Convoy Interrupts . | . . Stealth | -11 -10 --------- Run | Yrd Mat Distress Signals . | . . Communications Jammed . | . . Distress Signals . | . . Times Spotted 10 | . 10 Peak Tracking Total 9 | . 9 Tactical Retreats 2 | . 2 Traps | -11 -10 ------- Run | Yrd Mat Traps Triggered 1 | . 1 Indirectly . | . . Trap Hack Attempts . | . . Triggered . | . . Disarmed . | . . Reprogrammed . | . . Reused . | . . Traps Extracted . | . . Installed . | . . Triggered . | . . Machines | -11 -10 ---------- Run | Yrd Mat Machines Disabled . | . . Max in Single Turn . | . . Machines Repaired . | . . Machines Dismantled . | . . Machines Sabotaged . | . . Overloaded Fab Kills . | . . Hacking | -11 -10 --------- Run | Yrd Mat Machines Accessed . | . . Terminals . | . . Fabricators . | . . Repair Stations . | . . Recycling Units . | . . Scanalyzers . | . . Garrison Access . | . . Total Hacks . | . . Successful . | . . Failed . | . . Catastrophic . | . . Database Lockouts . | . . Manual . | . . Terminals . | . . Fabricators . | . . Repair Stations . | . . Recycling Units . | . . Scanalyzers . | . . Garrison Access . | . . Terminal Hacks . | . . Fabricator Hacks . | . . Repair Station Hacks . | . . Recycling Unit Hacks . | . . Scanalyzer . | . . Garrison Access Hacks . | . . Unauthorized Hacks . | . . Terminals . | . . Fabricators . | . . Repair Stations . | . . Recycling Units . | . . Scanalyzers . | . . Garrison Access . | . . Data Cores Recovered . | . . Used . | . . Hacking Detections . | . . Full Trace Events . | . . Feedback Events . | . . Feedback Blocked . | . . Robot Schematics Acquired . | . . Robots Built . | . . Authchips . | . . Time . | . . Total Robot Build Rating . | . . Part Schematics Acquired . | . . Parts Built . | . . Authchips . | . . Time . | . . Total Part Build Rating . | . . Parts Repaired . | . . Time . | . . Parts Recycled . | . . Recycled Matter . | . . Retrieved Matter . | . . Retrieved Components . | . . Parts Scanalyzed . | . . Part Schematics Acquired . | . . Parts Damaged . | . . Bothacking | -11 -10 ------------ Run | Yrd Mat Used RIF Installer . | . . Robots Hacked . | . . Non-combat . | . . Combat . | . . Robot Hacks Applied . | . . Relay Couplers Released . | . . Fabnet Peak Effective % . | . . Robots Rewired . | . . Allies Hacked . | . . Hacks Repelled . | . . Allies | -11 -10 -------- Run | Yrd Mat Total Allies . | . . Largest Group . | . . Highest-Rated Group . | . . Highest-Rated Ally . | . . Total Orders . | . . Ally Attacks . | . . Total Damage . | . . Kills . | . . Allies Corrupted . | . . Allies Melted . | . . Intel | -11 -10 ------- Run | Yrd Mat Robot Analysis Total . | . . Derelict Logs Recovered . | . . Drone Launches . | . . Drone Recoveries . | . . Exploration | -11 -10 ------------- Run | Yrd Mat Turns Passed 86 | 10 76 Spaces Moved 136 | 20 116 Core 136 | 20 116 Treads . | . . Legs . | . . Wheels . | . . Hover . | . . Flight . | . . Fastest Speed 50 | 50 50 Average Speed 50 | 50 50 Slowest Speed 50 | 50 50 Overloaded Moves . | . . Propulsion Burnouts . | . . Robots Hopped . | . . Cave-ins Triggered . | . . Exploration Rate (%) 11 | 3 20 Regions Visited 1 Branch Regions . Pre-discovered Areas . | . . Known Exits Taken . | . . Unknown Exits Taken 1 | 1 . Scrap Searched . | . . Spaces Dug . | . . Terrain Destroyed . | . . Melee . | . . Projectile . | . . AOE . | . . Terrain Rammed . | . . Walls Destroyed . | . . Machines Disabled . | . . Actions | -11 -10 --------- Run | Yrd Mat Total 153 | 19 134 Wait . | . . Move 135 | 19 116 Hop . | . . Pick Up . | . . Fast Attach . | . . Attach . | . . Detach . | . . Swap . | . . Drop . | . . Fire . | . . Melee . | . . Ram 18 | . 18 Kick . | . . Crush . | . . Escape Stasis . | . . Rewire . | . . Trap . | . . Miscellaneous . | . . Route ------- -11/Scrapyard -10/Materials History --------- Turn | Location | Event 4 | -11/Scrapyard | Discovered new exit (range 15) 11 | -11/Scrapyard | Entered Materials 74 | -10/Materials | Core integrity fell below 50% 83 | -10/Materials | Core integrity fell below 20% 87 | -10/Materials | Destroyed by G-34 Mercenary with Small Laser Last Messages --------------- 00011_ ALERT: A rogue bot has emerged from the scrapyard. Terminate on contact. 00016_ T-07 Excavator is excavating. 00049_ Triggered Alarm Trap. 00049_ An alarm sounds. 00049_ ALERT: Alarm triggered, dispatching investigation squad. 00050_ U-05 Engineer lays Concrete. 00065_ Slammed into S-10 Pest. 00070_ Destabilizing: Core damaged (-12). 00071_ Slammed into S-10 Pest. 00071_ Destabilizing: System corrupted (+2). 00072_ Slammed into S-10 Pest. 00074_ Destroyed Flight Unit. 00074_ S-10 Pest system corrupted by crushing effect. 00075_ Slammed into S-10 Pest. 00076_ S-10 Pest misfires. 00077_ Slammed into S-10 Pest. 00081_ :8F2:R LVCK|ETM TIF 6|C6URPRNO 00081_ Slammed into S-10 Pest. 00087_ Slammed into G-34 Mercenary. Map ----- +----------------------------------------------------+ | | | | | | | | | ????????###########??????????????????????????? | | ????????# #??????????????????????????? | | ????????# #??????????????????????????? | | ????????# #??????????????????????????? | | ????????# #??????????????????????????? | | ????????#####+#####??????????????????????????? | | ????????????# #??????????????????????????????? | | ????????????# #??????????????????????????????? | | ????????????# #??????????????????????????????? | | ????????????# #??????????????????????????????? | | ????????????# #??????????????????????????????? | | ????????????# #??????????????????????????????? | | ????????????# #?????????#????????????????????? | | ????????????# #???????? #????????????????????? | | ????????????# #???????? ?????????????????????? | | ????????????# #???????? ?????????????????????? | | ????????????# #???????? ?????????????????????? | | ????????????# #???????/#?????????????????????? | | ?????######?# #??????? #?????????????????????? | | ?????# # #??????? #?????????????????????? | | ?????#""" # ######## #?????????????????????? | | ?????#""" ] sss @g#?????????????????????? | | ?????#""" # g #?????????????????????? | | ?????# # #?????????????????????? | | ?????# ?# #?????????????????????? | | ?????######?# #######?????????????????????? | | ????????????# #???????????????????????????? | | ????????????# #???????????????????????????? | | ????????????# #?#######???????????????????? | | ????????????# ### #???????????????????? | | ????????????# #???????????????????? | | ????????????+ = #???????????????????? | | ????????????# #???????????????????? | | ????????????####+### #???????????????????? | | ???????????????????## ##???????????????????? | | ????????????????????# #????????????????????? | | ????????????????????# #????????????????????? | | ????????????????????# #????????????????????? | | ????????????????????# #????????????????????? | | ????????????????????# #????????????????????? | | ????????????????????# #????????????????????? | | ????????????????????# #????###?????????????? | | ????????????????????# #?? #?????????????? | | ????????????????????# # #?????????????? | | ????????????????????+ + ! #?????????????? | | ????????????????????# # #?????????????? | +----------------------------------------------------+ Best States ------------- Heat Dissipation 25 Energy Generation 5 Energy Capacity 100 Matter Stores 196 Matter Capacity 300 Sight Range 16 Terrain Scan Density 10 Evasion (%) 50 Item Schematics ----------------- None Robot Schematics ------------------ None Fabricated ------------ Nothing Alien Tech Used ----------------- None Achievements -------------- None Challenges ------------ None Game ------ Seed SiegeCooledBarrier Manual? 0 Play Time 00:01:14 Cumulative 32.3 hours Start 2024.04.04 @ 09:23:21 End 2024.04.04 @ 09:24:01 Sessions 1 Manual Loads 0 Difficulty Rogue Special Mode None Game No. 87 Rogue 47 Adventurer 14 Explorer 26 Win Type - Total 0 Types 0/0/0/0/0/0/0/0/0 Lore% 22 Gallery% 30 Achievement% 26 Wizard Run 0 Options --------- Layout 0 ASCII 0 Keyboard 1 Movement Vi Keybinds 0 Fullscreen 1 Font 18/SmallcapsGlow Map View 76x50 Zoom Use 0% Tactical HUD 1 Map Filters NONE Filters NONE Steam 1 RUN: 78927eb6-a0e8-462c-8596-f2d86ce104d5